 Dungeon Crawl Stone Soup version 0.30.1-11-g7821555f0a (webtiles) character file.

Game seed: 10852709121255584856

12413 Ijustatesigmund the Geomancer (level 11, -1/62 HPs)
             Began as a Gargoyle Earth Elementalist on Nov 24, 2023.
             Slain by an orc warrior
             ... wielding a +0 halberd
              (8 damage)
             ... on level 11 of the Dungeon.
             The game lasted 00:24:24 (14764 turns).

Ijustatesigmund the Geomancer (GrEE)               Turns: 14764, Time: 00:24:24

Health: -1/62      AC: 17    Str: 18    XL:     11   Next: 93%
Magic:  21/23      EV: 11    Int: 26    God:
Gold:   621        SH:  0    Dex: 10    Spells: 23/27 levels left

rFire   . . .        e - +1 flail
rCold   . . .        (no shield)
rNeg    + . .        a - +0 acid dragon scales
rPois   ∞            (no helmet)
rElec   +            (no cloak)
rCorr   +            H - +0 pair of gloves
SInv    .            (no boots)
Will    .....        (no amulet)
Stlth   +            m - +6 ring of strength
HPRegen 0.30/turn    u - +6 ring of intelligence
MPRegen 0.18/turn

%: no passive effects
@: slowed, very slow
A: sickness immunity, AC +8, negative energy resistance 1, electricity
resistance, torment resistance 1, petrification resistance
a: no special abilities


You were on level 11 of the Dungeon.
You visited 2 branches of the dungeon, and saw 13 of its levels.

You collected 621 gold pieces.

Inventory:

Hand Weapons
 e - a +1 flail (weapon)
 I - a +3 antimagic flail
Missiles
 p - 4 throwing nets
Armour
 a - +0 acid dragon scales (worn)
 H - a +0 pair of gloves (worn)
Jewellery
 m - a +6 ring of strength (left hand)
 s - a +6 ring of intelligence
 u - a +6 ring of intelligence (right hand)
 A - a ring of protection from fire
 G - a ring of see invisible
Wands
 r - a wand of iceblast (2)
 y - a wand of polymorph (8)
 E - a wand of flame (39)
 L - a wand of mindburst (3)
Scrolls
 d - a scroll of poison {unknown}
 i - 2 scrolls of immolation {unknown}
 j - a scroll of amnesia {unknown}
 k - a scroll of fear {unknown}
 n - a scroll of blinking
 t - 3 scrolls of fog {unknown}
 v - 6 scrolls of identify
 w - 3 scrolls of enchant weapon
 x - 2 scrolls of vulnerability {unknown}
 B - a scroll of torment {unknown}
 D - 2 scrolls of summoning {unknown}
 F - 2 scrolls of enchant armour {unknown}
 K - a scroll of silence {unknown}
Potions
 c - a potion of flight
 f - 3 potions of cancellation
 g - 2 potions of ambrosia
 h - 3 potions of lignification
 l - 2 potions of heal wounds
 o - 3 potions of resistance
 z - 5 potions of curing
 C - 3 potions of brilliance
 J - 2 potions of attraction


   Skills:
 - Level 4.7 Fighting
 - Level 3.8 Maces & Flails
 + Level 6.9 Armour
 - Level 1.5 Dodging
 - Level 2.1 Stealth
 + Level 8.8 Spellcasting
 + Level 11.1 Conjurations
 - Level 0.7 Transmutations
 + Level 11.5 Earth Magic


You had 23 spell levels left.
You knew the following spells:

 Your Spells              Type           Power      Damage    Failure   Level
a - Sandblast             Erth           100%       2d20      1%          1
b - Stone Arrow           Conj/Erth      100%       3d13      1%          3

Your spell library contained the following spells:

 Spells                   Type           Power      Damage    Failure   Level
 Shock                    Conj/Air       100%       1d9       1%          1
 Passwall                 Tmut/Erth      35%        N/A       1%          2
 Petrify                  Tmut/Erth      43%        N/A       5%          4
 Apportation              Tloc           22%        N/A       7%          1
 Necrotise                Necr           44%        1d6       7%          1
 Summon Small Mammal      Summ           44%        N/A       7%          1
 Swiftness                Air            11%        N/A       21%         3
 Airstrike                Air            5%         2d(1-17)  54%         4


Dungeon Overview and Level Annotations

Branches:
Dungeon (12/15)            Temple (1/1) D:6
   Lair: D:8-11         Orc: D:9-12

Altars:
Ashenzari
Cheibriados
Dithmenos
Elyvilon
Fedhas
Gozag
Hepliaklqana
Kikubaaqudgha
Makhleb
Nemelex Xobeh
Okawaru
Qazlal
Ru
Sif Muna
Trog
Uskayaw
Vehumet
Wu Jian
Xom
Yredelemnul
Zin
The Shining One
Lugonu

Portals:
Abyss: D:1

Annotations:
D:1 2 runed translucent doors


Innate Abilities, Weirdness & Mutations

You are immune to sickness and miasma.
Your stone body is resilient. (AC +8)
You are immune to poison.
You resist negative energy. (rN+)
You are resistant to electric shocks. (rElec)
You are resistant to unholy torment.
You are immune to petrification.


Message History

You are too injured to fight recklessly!
You are too injured to fight recklessly!
You are too injured to fight recklessly!
You are too injured to fight recklessly!
Magic courses through your body.
An orc wizard comes into view. It is wielding a +0 dagger.
The troll completely misses you.
The troll claws you but does no damage. x2
Casting: Stone Arrow (safe; 1% risk of failure)
Confirm with . or Enter, or press ? or * to list all spells.
Aiming: Stone Arrow (safe; 1% risk of failure)
Press: ? - help, Shift-Dir - straight line, f - troll
Aim: a troll (moderately wounded, 78% to hit)
The stone arrow hits the troll!
The troll is severely wounded.
The orc warrior hits you from afar with a +0 halberd!
The troll closely misses you. The troll completely misses you.
The troll claws you.
* * * LOW HITPOINT WARNING * * *
A centaur comes into view.
The troll bites you but does no damage. The troll closely misses you.
The troll claws you but does no damage.
The orc warrior hits you from afar with a +0 halberd!
* * * LOW HITPOINT WARNING * * *
Blink to where?
Press: ? - help, Dir - move target, p - troll
As you read the scroll of blinking, it crumbles to dust.
The sentinel's mark upon you fades away.
As you read the scroll of teleportation, it crumbles to dust.
You feel strangely unstable.
Aiming: Mindburst
Press: ? - help, Shift-Dir - straight line, f - orc wizard
Aim: an orc wizard, wielding a +0 dagger and wearing a +0 robe (chance to affect: 64%)
The orc wizard's mind is blasted!
Your surroundings suddenly seem different.
The centaur wields a +0 shortbow.
The centaur shoots an arrow.
The arrow hits you but does no damage.
The orc warrior hits you but does no damage.
The orc priest barely misses you.
The orc warrior hits you from afar with a +0 halberd!
You die... #. #... .
P ...#### .... ###...#... ..... #.......# .PPh #[......## .PPP#

#.o.......
##.#o..#
....
#>.@...#
....#
#.c#####
..P.. #To#
..... #...
...P)
#o###
..... #.#
..... #.#
#.. #.#
..#.^ #.#
.....


You could see a troll, an orc warrior, a centaur, an orc priest and an orc
wizard.

Vanquished Creatures
  Erolcha (D:9)
  A two-headed ogre (D:10)
  A deep elf pyromancer (D:8)
  Joseph (D:7)
  2 kobold demonologists
  A hornet (D:9)
  Sigmund (D:5)
  A wraith (D:11)
  A water elemental (D:10)
  A fire elemental (D:10)
  A basilisk (D:11)
  A steam dragon (D:9)
  23 yaks
  2 wyverns
  3 vampire mosquitoes (D:11)
  Menkaure (D:6)
  3 acid dragons
  Duvessa (D:5)
  2 water moccasins
  3 orc warriors
  5 black bears
  An ogre (D:6)
  5 centaurs
  3 phantoms
  2 kobold brigands
  3 bullfrogs
  7 scorpions
  A gnoll sergeant (D:9)
  5 wights (D:8)
  Dowan (D:5)
  8 killer bees
  An electric eel (D:10)
  6 howler monkeys
  5 orc priests
  2 jellies
  8 hounds
  A gnoll bouda (D:7)
  2 iguanas
  A sleepcap (D:5)
  Ijyb (D:3)
  7 orc wizards
  9 gnolls
  8 adders
  5 white imps
  An ufetubus (D:6)
  A worm (D:3)
  2 dart slugs
  30 orcs
  8 endoplasms
  4 giant cockroaches
  12 goblins
  4 hobgoblins
  3 jackals (D:2)
  4 quokkas
  8 ball pythons
  3 bats
  8 frilled lizards
  16 kobolds
  5 rats
257 creatures vanquished.

Notes
Turn   | Place    | Note
-------+----------+-------------------------------------------
     0 | D:1      | Ijustatesigmund the Gargoyle Earth Elementalist began the
                  | quest for the Orb.
     0 | D:1      | Reached XP level 1. HP: 10/10 MP: 3/3
    61 | D:1      | Found a large runed translucent door.
    61 | D:1      | Found a large runed translucent door.
    61 | D:1      | Found a one-way gate to the infinite horrors of the Abyss.
    62 | D:1      | Noticed a crimson imp
    62 | D:1      | Noticed an iron imp
    62 | D:1      | Noticed a crimson imp
    64 | D:1      | Noticed an iron imp
    68 | D:1      | Noticed an iron imp
    83 | D:1      | Noticed a crimson imp
    99 | D:1      | Found a corrupted altar of Lugonu.
   200 | D:1      | Reached XP level 2. HP: 16/16 MP: 3/5
   244 | D:1      | Reached skill level 1 in Fighting
   891 | D:1      | Reached XP level 3. HP: 19/20 MP: 4/6
   895 | D:1      | Learned a level 3 spell: Stone Arrow
  1271 | D:2      | Reached skill level 1 in Conjurations
  1487 | D:2      | Reached XP level 4. HP: 25/25 MP: 4/7
  1611 | D:2      | Found a shadowy altar of Dithmenos.
  1656 | D:2      | Identified the +6 spear of Satyriasis {flame, *Noise rPois
                  | rN+++ Will+}
  2316 | D:3      | Found an iron altar of Okawaru.
  2393 | D:3      | Reached XP level 5. HP: 13/29 MP: 4/9
  3027 | D:3      | Reached skill level 5 in Earth Magic
  3115 | D:3      | Found a sparkling altar of Nemelex Xobeh.
  3127 | D:3      | Found a white marble altar of Elyvilon.
  3130 | D:3      | Found a bloodstained altar of Trog.
  3130 | D:3      | Found a blossoming altar of Fedhas.
  3146 | D:3      | Found a sacrificial altar of Ru.
  3176 | D:3      | Noticed Ijyb
  3209 | D:3      | Killed Ijyb
  3210 | D:3      | Reached XP level 6. HP: 16/34 MP: 2/10
  3596 | D:4      | You fall into a shaft and drop 3 floors!
  3702 | D:7      | Noticed a black bear
  3763 | D:7      | Noticed a water moccasin
  3870 | D:6      | Killed a water moccasin
  3871 | D:6      | Reached skill level 5 in Conjurations
  3871 | D:6      | Reached XP level 7. HP: 31/38 MP: 2/12
  4064 | D:5      | Entered Level 5 of the Dungeon
  4899 | D:4      | Reached XP level 8. HP: 43/43 MP: 9/14
  5234 | D:5      | Noticed Sigmund
  5240 | D:5      | Killed Sigmund
  5347 | D:5      | Noticed Duvessa
  5402 | D:5      | Reached skill level 5 in Spellcasting
  5477 | D:5      | Noticed Dowan
  5480 | D:5      | Killed Duvessa
  5481 | D:5      | Reached skill level 1 in Maces & Flails
  5493 | D:5      | Killed Dowan
  5837 | D:5      | Reached XP level 9. HP: 49/49 MP: 0/17
  6251 | D:6      | Noticed Menkaure
  6257 | D:6      | Killed Menkaure
  6835 | D:6      | Found a staircase to the Ecumenical Temple.
  6866 | Temple   | Entered the Ecumenical Temple
  6866 | Temple   | Found a transporter.
  6866 | Temple   | Found a transporter.
  6868 | Temple   | Found a transporter.
  6868 | Temple   | Found a transporter.
  7789 | D:7      | Noticed Joseph
  7794 | D:7      | Killed Joseph
  8555 | D:8      | Reached XP level 10. HP: 58/58 MP: 15/19
  8571 | D:8      | Reached skill level 1 in Armour
  8738 | D:8      | Noticed a deep elf pyromancer
  8743 | D:8      | Killed a deep elf pyromancer
 10132 | D:9      | Noticed a kobold demonologist
 10484 | D:9      | Killed a kobold demonologist
 10485 | D:9      | Reached skill level 10 in Earth Magic
 10641 | D:9      | Noticed Erolcha
 10648 | D:9      | Killed Erolcha
 10649 | D:9      | Reached XP level 11. HP: 39/62 MP: 7/22
 10657 | D:9      | Reached skill level 10 in Conjurations
 10947 | D:9      | Found a radiant altar of Vehumet.
 10951 | D:9      | Reached skill level 5 in Armour
 11399 | D:10     | Entered Level 10 of the Dungeon
 11562 | D:10     | Noticed a two-headed ogre
 11572 | D:10     | Killed a two-headed ogre
 12828 | D:10     | Found a large runed translucent door.
 12829 | D:10     | Found a large runed translucent door.
 13471 | D:10     | Paralysed by an air elemental for 1 turns
 13474 | D:10     | Paralysed by an air elemental for 1 turns
 13477 | D:10     | Paralysed by an air elemental for 1 turns
 13479 | D:10     | Paralysed by an air elemental for 1 turns
 13828 | D:11     | Noticed a two-headed ogre
 14513 | D:11     | Identified the +1 robe of Panentheism {Will+ Int-2
                  | Archmagi}
 14738 | D:12     | Noticed a manticore
 14764 | D:11     | Slain by an orc warrior

Illustrated notes

Levels and vault maps discovered:
D:1:      erik_arrival_cave_to_civilisation [erik_arrival_cave_to_temple],
          layout_basic, minmay_surrounded
D:2:      layout_basic, basic_altar, serial_glass, glass_columns_a,
          glass_columns_a, feat_on_display, feat_on_display, feat_on_display
D:3:      kennysheep_the_goblin_king, layout_basic,
          lemuel_coloured_pillars_altar, nicolae_overflow_hallway_of_the_gods
D:4:      layout_rooms, hangedman_abyss_or_decor_stabs
D:5:      layout_cave_pods, uniq_sigmund, uniq_duvessa
D:6:      nicolae_whirlpool, layout_rooms, minmay_temple_entry_mini_moons,
          uniq_menkaure
D:7:      layout_basic, corexii_hall_statues_l, uniq_joseph
D:8:      layout_basic, bh_walls_and_bars
D:9:      layout_loops_ring, mainiacjoe_overflow_tiny_flanked,
          hangedman_abyss_or_decor_passed, wad_rectangle_vault, uniq_erolcha
D:10:     layout_basic, lightli_elemental_guards
D:11:     layout_loops_cross, grunt_lair_entry_orc_guard_hut
D:12:     layout_loops_ring, zombieorc2_lemuel,
          hangedman_abyss_or_decor_lesser_grid, tgw_xom, uniq_sonja,
          uniq_jorgrun
Temple:   hellmonk_temple_divided_pantheon

Skill      XL: |  1  2  3  4  5  6  7  8  9 10 11 |
---------------+----------------------------------+-----
Fighting       | 1 2 4 |  4.7
Earth Magic    | 4 5 6 7 8 10 11 | 11.5
Conjurations   | 1 2 3 5 6 7 8 9 11 | 11.1
Spellcasting   | 3 4 5 6 7 8 |  8.8
Maces & Flails | 1 3 |  3.8
Armour         | 4 6 |  6.9
Dodging        | |  1.5
Stealth        | |  2.1
Transmutations | |  0.7

Action                     |  1- 3 |  4- 6 |  7- 9 | 10-12 || total
---------------------------+-------+-------+-------+-------++-------
  Melee: Trident           |    48 |    73 |    14 |       ||   135
         Flail             |       |       |    11 |   135 ||   146
         Punch             |       |       |       |     8 ||     8
   Cast: Sandblast         |    36 |    77 |    53 |    32 ||   198
         Stone Arrow       |       |     7 |    63 |   142 ||   212
  Evoke: Wand              |       |       |     8 |     9 ||    17
    Use: Potion            |       |     7 |     2 |     4 ||    13
         Scroll            |       |     7 |     7 |     5 ||    19
   Stab: Sleeping          |     4 |       |       |       ||     4
 Armour: Robe              |    25 |    57 |    31 |       ||   113
         Acid dragon scale |       |       |       |   134 ||   134
  Dodge: Dodged            |    35 |    68 |    58 |   149 ||   310
